[Event "*** Titled Tuesday Blitz"]
[Site "Chess.com"]
[Date "2020.10.20"]
[Round "3"]
[White "Mr_Sinigami"]
[Black "Zemerovv"]
[Result "1-0"]
[WhiteElo "2504"]
[BlackElo "2285"]
[TimeControl "180+1"]
[EndTime "10:26:39 PDT"]
[Termination "Mr_Sinigami won by resignation"]

1. d4 d6 2. Nf3 g6 3. Bf4 Bg7 4. e3 e6 5. Be2 Ne7 6. O-O h6 7. h3 g5 8. Bh2 Ng6 9. Nfd2 Nd7 10.
c4 b6 11. Nc3 Bb7 12. Bf3 Qc8 13. a4 a5 14. Nb5 Nh4 15. Bxd6 Nxf3+ 16. Nxf3 Nf6 17.
Nxc7+ Kd7 18. Nxa8 Qxa8 19. c5 g4 20. Ne5+ Ke8 21. hxg4 Bxg2 22. f3 Bxf1 23. Qxf1 bxc5 24. Qb5+ Kd8 25. Nxf7+ Kc8 26. Qxc5+ Kb7 27. Qb5+ 1-0

[Event "*** Titled Tuesday Blitz"]
[Site "Chess.com"]
[Date "2020.10.20"]
[Round "3"]
[White "Roza_Idrisova"]
[Black "mjray79"]
[Result "1-0"]
[WhiteElo "2178"]
[BlackElo "2404"]
[TimeControl "180+1"]
[EndTime "10:26:40 PDT"]
[Termination "Roza_Idrisova won by resignation"]

1. d4 Nf6 2. Nf3 g6 3. c4 Bg7 4. Nc3 d6 5. e4 O-O 6. Be2 e5 7. O-O Nc6 8. d5 Ne7 9. b4 a5 10. bxa5 c5 11. dxc6 Nxc6 12. a4 Nxa5 13. Ba3 Ne8 14.
Nb5 Ra6 15. c5 d5 16. Nd6 Nxd6 17. cxd6 Nc4 18. Qxd5 Be6 19. Qxb7 Rb6 20. Qc7 Nxa3 21. Rxa3 Rxd6 22. Qxd8 Rfxd8 23. a5 Bf8 24. Raa1 f5 25. exf5 Bxf5 26. Bc4+ Kg7 27. Nxe5 Rd4 28. Nc6 Rxc4 29. Nxd8 Rc8 30. Nb7 Be4 31. a6 Bb4 32. Ra4 Rc4 33.
Nd6 1-0

[Event "*** Titled Tuesday Blitz"]
[Site "Chess.com"]
[Date "2020.10.20"]
[Round "3"]
[White "YIYUKI"]
[Black "IANOV0007"]
[Result "1-0"]
[WhiteElo "2319"]
[BlackElo "2495"]
[TimeControl "180+1"]
[EndTime "10:26:42 PDT"]
[Termination "YIYUKI won by resignation"]

1. e4 d6 2. d4 Nf6 3. Nc3 c6 4.
a4 Qa5 5. Bd2 e5 6. Nf3 Bg4 7.
dxe5 dxe5 8. Be2 Nbd7 9. O-O Bb4 10. h3 Bh5 11. Nh4 Bg6 12. Nxg6 hxg6 13. Bc4 O-O 14.
Qe2 Nc5 15. f4 Rae8 16. f5 gxf5 17. Rxf5 Ncd7 18. Raf1 Re7 19. Kh2 Rd8 20. Rxf6 Nxf6 21. Rxf6 gxf6 22. Bh6 Kh7 23. Qh5 Bxc3 24. Bg5+ Kg7 25.
Qh6+ Kg8 26. Bxf6 1-0

[Event "*** Titled Tuesday Blitz"]
[Site "Chess.com"]
[Date "2020.10.20"]
[Round "3"]
[White "Synctel"]
[Black "ezkybel"]
[Result "0-1"]
[WhiteElo "1999"]
[BlackElo "2446"]
[TimeControl "180+1"]
[EndTime "10:26:43 PDT"]
[Termination "ezkybel won by resignation"]

1. e4 e6 2. d4 d5 3. Nd2 Nf6 4. e5 Nfd7 5. Bd3 c5 6. c3 Nc6 7.
Ngf3 cxd4 8. cxd4 f6 9. exf6 Nxf6 10. O-O Bd6 11. Re1 O-O 12. Nb3 a5 13. a4 Bd7 14.
Ne5 Be8 15. Bg5 h6 16. Bxf6 Qxf6 17. Qe2 Rc8 18. Rad1 Bb4 19. Rf1 Nxe5 20. dxe5 Qg5 21. Nd4 Bh5 22. f3 Bc5 23. Bb1 Rf4 24. Qf2 Rcf8 25.
Kh1 Qxe5 26. Rfe1 Rxd4 27. Rxe5 Rxd1+ 28. Qe1 Rxe1+ 29. Rxe1 Bd4 0-1

[Event "*** Titled Tuesday Blitz"]
[Site "Chess.com"]
[Date "2020.10.20"]
[Round "3"]
[White "kuban1991"]
[Black "bazar-wokzal"]
[Result "1-0"]
[WhiteElo "2812"]
[BlackElo "2527"]
[TimeControl "180+1"]
[EndTime "10:26:50 PDT"]
[Termination "kuban1991 won by resignation"]

1. Nf3 d6 2. d4 f5 3. Nc3 Nf6 4. Bg5 Nbd7 5. e3 h6 6. Bxf6 Nxf6 7. Bd3 g6 8. e4 Bg7 9. Qe2 fxe4 10. Nxe4 Bf5 11.
Nxf6+ Bxf6 12. Bxf5 gxf5 13. Qb5+ Qd7 14. Qxb7 Qe6+ 15.
Kd1 Kf7 16. Re1 Qc4 17. Qb3 Qxb3 18. axb3 Rhg8 19. g3 h5 20. Ra5 e6 21. Kd2 h4 22.
Rea1 hxg3 23. hxg3 f4 24. gxf4 Rg4 25. Ke3 Kg6 26. Rxa7 Rxa7 27. Rxa7 c5 28. dxc5 dxc5 29. c3 Kf5 30. Rc7 Rxf4 31. Rxc5+ e5 32. Rc4 Rxc4 33. bxc4 e4 34. Nd2 Bg5+ 35. Ke2 Be7 36. f3 exf3+ 37. Nxf3 Ke4 38. Nd2+ Kf4 39. Kd3 Ke5 40. b4 1-0

[Event "*** Titled Tuesday Blitz"]
[Site "Chess.com"]
[Date "2020.10.20"]
[Round "3"]
[White "northridgehawk"]
[Black "CarlssonLudvig"]
[Result "1-0"]
[WhiteElo "2213"]
[BlackElo "2442"]
[TimeControl "180+1"]
[EndTime "10:26:53 PDT"]
[Termination "northridgehawk won by resignation"]

1. e4 g6 2. d4 Bg7 3. Be3 c5 4. Ne2 Nf6 5. Nbc3 cxd4 6. Nxd4 d6 7. f3 Nc6 8. Qd2 O-O 9. O-O-O Nxd4 10. Bxd4 Be6 11.
Kb1 Qc7 12. g4 Rfc8 13. h4 Qa5 14. a3 Rab8 15. h5 b5 16. hxg6 hxg6 17. g5 b4 18. Nd5 Nxd5 19. Bxg7 Kxg7 20. exd5 Bf5 21. Qd4+ f6 22. Bd3 Bxd3 23. Rxd3 bxa3 24. gxf6+ exf6 25. Re3 axb2 26. Re7+ Kg8 27. Rh8+ Kxh8 28. Qxf6+ 1-0

[Event "*** Titled Tuesday Blitz"]
[Site "Chess.com"]
[Date "2020.10.20"]
[Round "3"]
[White "GalperinPlaton"]
[Black "Malev212"]
[Result "1-0"]
[WhiteElo "2818"]
[BlackElo "2544"]
[TimeControl "180+1"]
[EndTime "10:26:54 PDT"]
[Termination "GalperinPlaton won on time"]

1. e4 d6 2. d4 Nf6 3. Nc3 g6 4. Nf3 Bg7 5. Be3 O-O 6. Qd2 a6 7. Bd3 b5 8. a4 b4 9. Ne2 Bb7 10. Ng3 a5 11. Bh6 Nbd7 12. O-O e5 13. c3 Re8 14.
Rfe1 Bh8 15. Rad1 bxc3 16. bxc3 Qe7 17. Nf5 Qd8 18. Ng3 Ng4 19. Bg5 Bf6 20. h4 Bxg5 21.
hxg5 Kg7 22. Bb5 c6 23. Bc4 Qe7 24. Nh4 Kh8 25. f3 d5 26. exd5 cxd5 27. Bb5 1-0

[Event "*** Titled Tuesday Blitz"]
[Site "Chess.com"]
[Date "2020.10.20"]
[Round "3"]
[White "Oligan22"]
[Black "TrimitziosP7"]
[Result "0-1"]
[WhiteElo "2417"]
[BlackElo "2763"]
[TimeControl "180+1"]
[EndTime "10:26:56 PDT"]
[Termination "TrimitziosP7 won by resignation"]

1. e4 e5 2. Nf3 Nc6 3. Bb5 Nge7 4. O-O g6 5. c3 Bg7 6. d4 exd4 7. cxd4 d5 8. exd5 Nxd5 9. Bg5 Qd6 10. Re1+ Be6 11. Ne5 O-O 12. Nxc6 bxc6 13. Bc4 Qb4 14. b3 c5 15. a3 Qb7 16. Be3 Nxe3 17. fxe3 cxd4 18.
exd4 Bxc4 19. bxc4 Rad8 20. Kh1 Rxd4 21. Qc2 Rg4 22.
Ra2 Rd8 23. h3 Rg3 24. Qf2 Rxh3+ 0-1

[Event "*** Titled Tuesday Blitz"]
[Site "Chess.com"]
[Date "2020.10.20"]
[Round "3"]
[White "OhanyanEminChess"]
[Black "CakeinSpace2002"]
[Result "1/2-1/2"]
[WhiteElo "2654"]
[BlackElo "2297"]
[TimeControl "180+1"]
[EndTime "10:27:01 PDT"]
[Termination "Game drawn by agreement"]

1. e4 c6 2. d4 d5 3. Nc3 dxe4 4.
Nxe4 Nf6 5. Nxf6+ exf6 6. Bd3 Qxd4 7. Nf3 Qd8 8. O-O Be7 9. Re1 O-O 10. Bd2 Nd7 11. Qe2 Re8 12. Qe4 Nf8 13. Qh4 Be6 14. Qh5 Qd5 15. Qh4 Ng6 16. Qa4 Bf5 17. Bxf5 Qxf5 18. Qb3 Qb5 19. Qxb5 cxb5 20. Nd4 a6 21. Nf5 Bc5 22. Rad1 Ne7 23. Nxe7+ Rxe7 24. Rxe7 Bxe7 25. Ba5 Bc5 26. Rd8+ Rxd8 27. Bxd8 1/2-1/2

[Event "*** Titled Tuesday Blitz"]
[Site "Chess.com"]
[Date "2020.10.20"]
[Round "3"]
[White "Vandros57"]
[Black "kleopl"]
[Result "0-1"]
[WhiteElo "2195"]
[BlackElo "2444"]
[TimeControl "180+1"]
[EndTime "10:27:01 PDT"]
[Termination "kleopl won by resignation"]

1. d4 d5 2. Nf3 Nf6 3. c4 e6 4. Nc3 Be7 5. Bg5 O-O 6. e3 b6 7. Rc1 Bb7 8. cxd5 Nxd5 9. Bxe7 Qxe7 10. Nxd5 Bxd5 11. a3 Rc8 12. Bd3 c5 13. O-O Nd7 14.
e4 Bb7 15. Qe2 cxd4 16. Nxd4 Nc5 17. Rfd1 Nxd3 18. Qxd3 Rxc1 19. Rxc1 Rd8 20. Qe3 h6 21. f3 Qd7 22. Ne2 Qd2 23. Kf2 Ba6 24. Rc7 Bxe2 25. Qxe2 Qd4+ 26. Ke1 Qg1+ 27. Qf1 Rd1+ 0-1

[Event "*** Titled Tuesday Blitz"]
[Site "Chess.com"]
[Date "2020.10.20"]
[Round "3"]
[White "Sn00pPawn"]
[Black "UmarovSabir"]
[Result "0-1"]
[WhiteElo "1994"]
[BlackElo "2355"]
[TimeControl "180+1"]
[EndTime "10:27:02 PDT"]
[Termination "UmarovSabir won by resignation"]

1. e4 g6 2. d4 Bg7 3. Nc3 c6 4. f4 d5 5. e5 Nh6 6. Nf3 Bg4 7. Be2 Nf5 8. O-O Bxf3 9. Bxf3 Qb6 10. Na4 Qxd4+ 11.
Qxd4 Nxd4 12. c3 Nxf3+ 13. Rxf3 Nd7 14. Be3 e6 15. b4 h5 16. Kf2 Bf8 17. Ke2 a5 18. a3 axb4 19. cxb4 Rxa4 0-1

[Event "*** Titled Tuesday Blitz"]
[Site "Chess.com"]
[Date "2020.10.20"]
[Round "3"]
[White "Aleksandar-Topalov"]
[Black "Klavdia_Nik"]
[Result "1-0"]
[WhiteElo "2339"]
[BlackElo "2078"]
[TimeControl "180+1"]
[EndTime "10:27:02 PDT"]
[Termination "Aleksandar-Topalov won on time"]

1. b3 Nf6 2. Bb2 d6 3. Bxf6 exf6 4. c4 f5 5. Nc3 g6 6. e3 Bg7 7. Nge2 O-O 8. g3 a5 9. Rb1 Nd7 10. Bg2 c6 11. O-O Re8 12. a3 Nc5 13. d3 Qe7 14.
b4 axb4 15. axb4 Nd7 16. b5 Ne5 17. bxc6 Nxc6 18. Nd5 Qd8 19. Qb3 h5 20. d4 Ra6 21.
Nec3 h4 22. Nb5 hxg3 23. hxg3 Rf8 24. Ndc7 Ra5 25. Ra1 Rxa1 26. Rxa1 Bf6 27. Qa3 Be7 28. Nd5 Kg7 29. Nxe7 Qxe7 30. Qxd6 Qxd6 31. Nxd6 1-0

[Event "*** Titled Tuesday Blitz"]
[Site "Chess.com"]
[Date "2020.10.20"]
[Round "3"]
[White "PavelShkapenko"]
[Black "Rakesh"]
[Result "1-0"]
[WhiteElo "2701"]
[BlackElo "2457"]
[TimeControl "180+1"]
[EndTime "10:27:03 PDT"]
[Termination "PavelShkapenko won by resignation"]

1. e4 c5 2. c3 Nf6 3. e5 Nd5 4. d4 cxd4 5. cxd4 e6 6. Nc3 Nxc3 7. bxc3 Qc7 8. Bd2 d6 9. f4 Nc6 10. Bd3 Be7 11. Nh3 b6 12. O-O Bb7 13. Qe2 Rd8 14.
Rae1 g6 15. Nf2 d5 16. Ng4 h5 17. Nf6+ Bxf6 18. exf6 Kd7 19. Bxg6 Kc8 20. Bxh5 Rdg8 21. f5 Nd8 22. Bf4 Qd7 23. fxe6 Nxe6 24. Bg3 Re8 25.
Bg4 Bc6 26. Qa6+ Qb7 27. Qxb7+ Kxb7 28. Bxe6 fxe6 29. f7 Ref8 30. Rxe6 Rh7 31. Ref6 Bb5 32. R1f2 1-0

[Event "*** Titled Tuesday Blitz"]
[Site "Chess.com"]
[Date "2020.10.20"]
[Round "3"]
[White "Quiet_Desperation"]
[Black "Lysiak_Poltorak"]
[Result "1-0"]
[WhiteElo "1826"]
[BlackElo "2330"]
[TimeControl "180+1"]
[EndTime "10:27:05 PDT"]
[Termination "Quiet_Desperation won by resignation"]

1. e4 c5 2. Nf3 Nc6 3. d4 cxd4 4. Nxd4 Nf6 5. Nc3 e5 6. Ndb5 d6 7. Bg5 a6 8. Bxf6 gxf6 9. Na3 b5 10. Nd5 f5 11.
Bd3 Be6 12. c4 b4 13. Nc2 Qa5 14. O-O Bg7 15. exf5 Bxd5 16. cxd5 Qxd5 17. Qe2 O-O 18. Be4 Qc5 19. f6 Bxf6 20. Qf3 Bg7 21. Bxc6 Rac8 22.
Bb7 Rc7 23. Be4 d5 24. Bf5 Qd6 25. Ne3 Rd8 26. Qh3 h6 27. Rad1 d4 28. Be4 Qf6 29. Nd5 Qc6 30. Ne7+ 1-0

[Event "*** Titled Tuesday Blitz"]
[Site "Chess.com"]
[Date "2020.10.20"]
[Round "3"]
[White "ambaixador"]
[Black "MoreChessJulia"]
[Result "1-0"]
[WhiteElo "2301"]
[BlackElo "1981"]
[TimeControl "180+1"]
[EndTime "10:27:07 PDT"]
[Termination "ambaixador won by resignation"]

1. Nf3 g6 2. c4 Bg7 3. d4 c5 4.
g3 d6 5. Bg2 Bg4 6. dxc5 Qa5+ 7.
Nbd2 Qxc5 8. O-O Nc6 9. h3 Bxf3 10. Bxf3 Nf6 11. Rb1 O-O 12. b3 a5 13. Ne4 Nxe4 14. Bxe4 Rae8 15. Bg2 Qb6 16. a3 e5 17. Bd5 Nd4 18. e3 Ne6 19. b4 axb4 20. axb4 f5 21. Bd2 Kh8 22. Bc3 Ng5 23. Kh2 e4 24. Bxg7+ Kxg7 25. Kg2 Nf3 26. Qc1 Re7 27. Qc3+ Kh6 28. Ra1 g5 29.
Ra2 f4 30. c5 dxc5 31. bxc5 Qg6 32. Rb2 Rg7 33. Rb6 1-0

[Event "*** Titled Tuesday Blitz"]
[Site "Chess.com"]
[Date "2020.10.20"]
[Round "3"]
[White "ciucas1892"]
[Black "UCantHandleDenker"]
[Result "0-1"]
[WhiteElo "2344"]
[BlackElo "2534"]
[TimeControl "180+1"]
[EndTime "10:27:09 PDT"]
[Termination "UCantHandleDenker won by resignation"]

1. c4 Nf6 2. g3 g6 3. Bg2 Bg7 4. Nf3 O-O 5. O-O c5 6. d4 cxd4 7.
Nxd4 Nc6 8. Nc3 d6 9. Nxc6 bxc6 10. Bxc6 Rb8 11. Bg2 Qa5 12. Qc2 Be6 13. b3 Bf5 14. e4 Nxe4 15. Nxe4 Bxe4 16. Bxe4 Bxa1 17. Bd2 Qe5 18. f4 Qb2 19. Qd3 Qd4+ 20. Be3 Qxd3 21. Bxd3 Bf6 22. Rf2 a5 23. Kg2 Rfc8 24. Be4 a4 25.
Bc2 axb3 26. axb3 Ra8 27. g4 Ra2 28. g5 Bc3 29. Bd3 Rxf2+ 30. Kxf2 Ra8 31. f5 Ra2+ 32. Kg3 Rb2 33. fxg6 hxg6 0-1

[Event "*** Titled Tuesday Blitz"]
[Site "Chess.com"]
[Date "2020.10.20"]
[Round "3"]
[White "SCIM"]
[Black "AndreyNeves"]
[Result "1-0"]
[WhiteElo "2489"]
[BlackElo "2266"]
[TimeControl "180+1"]
[EndTime "10:27:11 PDT"]
[Termination "SCIM won by checkmate"]

1. d4 d5 2. c4 e6 3. Nc3 Be7 4. cxd5 exd5 5. Bf4 c6 6. e3 Bf5 7. g4 Be6 8. h3 Nf6 9. Bd3 O-O 10. Nge2 Nbd7 11. Ng3 c5 12. g5 Ne8 13. h4 cxd4 14.
exd4 Bd6 15. Be3 f5 16. f4 Nb6 17. Qf3 Nc4 18. Bxc4 dxc4 19. d5 Bd7 20. O-O Qc7 21. Rae1 Bc5 22. Kg2 Nd6 23. Nh5 Rae8 24. Qf2 Bxe3 25.
Rxe3 Rxe3 26. Qxe3 Re8 27. Qd4 Bc8 28. a4 Qb6 29.
Qxg7# 1-0

[Event "*** Titled Tuesday Blitz"]
[Site "Chess.com"]
[Date "2020.10.20"]
[Round "3"]
[White "kai_nov"]
[Black "Natalya_Buksa"]
[Result "1-0"]
[WhiteElo "2257"]
[BlackElo "2549"]
[TimeControl "180+1"]
[EndTime "10:27:11 PDT"]
[Termination "kai_nov won by resignation"]

1. d4 d5 2. c4 e6 3. Nc3 Be7 4. cxd5 exd5 5. Bf4 Nf6 6. e3 Bf5 7. Qb3 Nc6 8. Qxb7 Nb4 9. Bb5+ Kf8 10. Kd2 a6 11. Ba4 Nd3 12. Bxc7 Qc8 13. Qxc8+ Rxc8 14. Ba5 Nxb2 15. Bb3 Nc4+ 16. Bxc4 Rxc4 17. Nf3 g6 18. Ne5 Rc8 19. f3 Kg7 20. g4 Be6 21. Rab1 h5 22. Rb7 Bd6 23. g5 Bxe5 24. dxe5 Nd7 25. Ne2 Rb8 26. Rhb1 Rxb7 27. Rxb7 Rc8 28. Bc3 Nc5 29. Ra7 Rb8 30. Nd4 Rb1 31. Rc7 Rh1 32.
Rxc5 Rxh2+ 33. Kd3 h4 34. Rc7 Bh3 35. e6 Bf1+ 36. Ne2+ Kg8 37. exf7+ Kf8 38. Bb4+ 1-0

[Event "*** Titled Tuesday Blitz"]
[Site "Chess.com"]
[Date "2020.10.20"]
[Round "3"]
[White "biostatistician"]
[Black "geordie_derraugh"]
[Result "0-1"]
[WhiteElo "2537"]
[BlackElo "2368"]
[TimeControl "180+1"]
[EndTime "10:27:12 PDT"]
[Termination "geordie_derraugh won by resignation"]

1. d4 Nf6 2. Nf3 e6 3. c4 Bb4+ 4. Nbd2 O-O 5. a3 Be7 6. e4 d6 7.
Bd3 e5 8. O-O exd4 9. Nxd4 Nc6 10.
Nxc6 bxc6 11. Nf3 Nd7 12. Bf4 Bf6 13. Qc2 Nc5 14. Rad1 Bg4 15. Be2 Qe7 16. h3 Bh5 17. Nd4 Bxe2 18. Nxe2 Qxe4 19. Qxe4 Nxe4 20. b4 Rfe8 21.
Rd3 a5 22. Nd4 Bxd4 23. Rxd4 Nc3 24. Kh2 Ne2 25. Be3 Nxd4 26. Bxd4 axb4 27. axb4 Ra4 28. Bc3 c5 29. bxc5 Rxc4 30. cxd6 Rxc3 31. d7 Rd8 32. Re1 Kf8 0-1

[Event "*** Titled Tuesday Blitz"]
[Site "Chess.com"]
[Date "2020.10.20"]
[Round "3"]
[White "scarabee43"]
[Black "NikolaGry"]
[Result "0-1"]
[WhiteElo "2465"]
[BlackElo "2701"]
[TimeControl "180+1"]
[EndTime "10:27:18 PDT"]
[Termination "NikolaGry won by checkmate"]

1. Nf3 c5 2. c4 b6 3. Nc3 Bb7 4. e3 e6 5. d4 cxd4 6. exd4 Nf6 7. Bg5 h6 8. Bh4 Be7 9. Be2 O-O 10. O-O d6 11.
Re1 Nbd7 12. Bf1 a6 13. Rc1 Rc8 14. b3 Re8 15. d5 e5 16. Bg3 Nh5 17. Qd3 g6 18.
Nd2 f5 19. f3 Bh4 20. Bxh4 Qxh4 21. g3 Qg5 22. Bg2 e4 23. fxe4 Ne5 24. Qd4 f4 25.
Nf3 Nxf3+ 26. Bxf3 fxg3 27. Bxh5 gxh2+ 28. Kh1 Qxh5 29.
Qxb6 Qf3+ 30. Kxh2 Re5 31. Qe3 Rh5+ 32. Kg1 Rh1# 0-1

[Event "*** Titled Tuesday Blitz"]
[Site "Chess.com"]
[Date "2020.10.20"]
[Round "3"]
[White "Qvalda"]
[Black "platy3"]
[Result "0-1"]
[WhiteElo "2423"]
[BlackElo "2813"]
[TimeControl "180+1"]
[EndTime "10:27:19 PDT"]
[Termination "platy3 won on time"]

1. d4 Nf6 2. c4 e6 3. Nc3 Bb4 4. e3 O-O 5. Ne2 Re8 6. a3 Bf8 7. g3 d5 8. cxd5 exd5 9. Bg2 a5 10. O-O c6 11. f3 Na6 12. e4 dxe4 13. fxe4 Nc7 14. e5 Nfd5 15. Ne4 Bg4 16. h3 Bh5 17. g4 Bg6 18. Qe1 Ne6 19. Bd2 c5 20. h4 cxd4 21. h5 Bxe4 22. Bxe4 Nc5 23. Nxd4 g6 24. hxg6 hxg6 25.
Qf2 Qd7 26. Bf3 Rxe5 27. Bc3 Nxc3 28. bxc3 Rae8 29. Rad1 Qe7 30. Qg2 Bh6 31. Qg3 Be3+ 32. Kg2 Qg5 0-1

[Event "*** Titled Tuesday Blitz"]
[Site "Chess.com"]
[Date "2020.10.20"]
[Round "3"]
[White "Piotrek1979"]
[Black "Sharpchess22"]
[Result "0-1"]
[WhiteElo "2419"]
[BlackElo "2768"]
[TimeControl "180+1"]
[EndTime "10:27:19 PDT"]
[Termination "Sharpchess22 won by resignation"]

1. Nf3 Nf6 2. g3 d5 3. Bg2 g6 4.
O-O Bg7 5. d3 O-O 6. c4 c6 7. Nbd2 Re8 8. Qc2 e5 9. e4 d4 10. b4 a5 11. bxa5 Qxa5 12. Nb3 Qa4 13. c5 Be6 14. Nfd2 Na6 15. a3 Nd7 16. Bf3 Naxc5 17.
Bd1 Nxb3 18. Nxb3 c5 19. Nd2 Qxc2 20. Bxc2 b5 21. f4 f6 22. f5 Bf7 23. fxg6 hxg6 24. Nf3 c4 25. Bd2 Nc5 26. Bb4 cxd3 27. Bd1 Nxe4 28. Re1 Nc3 29. Nd2 f5 30. Bf3 e4 31.
Bg2 Rac8 32. g4 Ne2+ 0-1

[Event "*** Titled Tuesday Blitz"]
[Site "Chess.com"]
[Date "2020.10.20"]
[Round "3"]
[White "GoltsevDmitry2000"]
[Black "Sanan_Sjugirov"]
[Result "0-1"]
[WhiteElo "2681"]
[BlackElo "2909"]
[TimeControl "180+1"]
[EndTime "10:27:20 PDT"]
[Termination "Sanan_Sjugirov won on time"]

1. e4 c5 2. Nf3 d6 3. d4 cxd4 4. Nxd4 Nf6 5. Nc3 a6 6. Be2 e5 7. Nb3 Be7 8. a4 Be6 9. O-O O-O 10.
Be3 Nbd7 11. Qd2 Rc8 12. Rad1 Nb6 13. Na5 Qc7 14. f3 Rfd8 15. Bd3 d5 16. exd5 Nbxd5 17. Nxd5 Nxd5 18. Nc4 b5 19. axb5 axb5 20. Bf2 bxc4 21. Be4 c3 22. Qc1 Nf4 23. Rxd8+ Rxd8 24. Re1 Bc4 25. Kh1 Bc5 26. Bxc5 Qxc5 27. bxc3 Qf2 28. Rg1 g6 29. Qa1 Ne2 30. Re1 Rd2 31. Rb1 Ng3+ 0-1

[Event "*** Titled Tuesday Blitz"]
[Site "Chess.com"]
[Date "2020.10.20"]
[Round "3"]
[White "SARGISMV"]
[Black "KetiGrant"]
[Result "1-0"]
[WhiteElo "2511"]
[BlackElo "2295"]
[TimeControl "180+1"]
[EndTime "10:27:20 PDT"]
[Termination "SARGISMV won by resignation"]

1. b3 Nf6 2. Bb2 g6 3. Nf3 Bg7 4. g3 O-O 5. Bg2 d6 6. O-O e5 7. c4 c5 8. e3 Nc6 9. d4 exd4 10. exd4 Ne4 11. Nbd2 Bf5 12. Nxe4 Bxe4 13. Re1 Re8 14. Qd2 Bxf3 15. Bxf3 Nxd4 16. Bxb7 Rb8 17. Bg2 Rxe1+ 18.
Rxe1 a5 19. Bc3 a4 20. bxa4 Qd7 21. a5 Qa4 22. Bd5 h6 23. Kg2 Qa3 24. Re3 Nf5 25.
Rf3 Bxc3 26. Qxc3 Qxa2 27. Qf6 1-0

[Event "*** Titled Tuesday Blitz"]
[Site "Chess.com"]
[Date "2020.10.20"]
[Round "3"]
[White "Meri-Arabidze"]
[Black "Fandorine"]
[Result "0-1"]
[WhiteElo "2648"]
[BlackElo "2874"]
[TimeControl "180+1"]
[EndTime "10:27:21 PDT"]
[Termination "Fandorine won by resignation"]

1. d4 Nf6 2. c4 g6 3. Nc3 Bg7 4. g3 O-O 5. Bg2 d6 6. e4 Nc6 7. Nge2 e5 8. d5 Nd4 9. Be3 Ng4 10. Nxd4 Nxe3 11. fxe3 exd4 12. exd4 Qf6 13. Ne2 Bg4 14. Rf1 Bxe2 15. Kxe2 Qxd4 16. Qxd4 Bxd4 17. Rab1 Kg7 18. Kd3 Be5 19. b3 a5 20. Rbc1 h5 21. c5 h4 22.
cxd6 Bxd6 23. gxh4 Rh8 24. h3 Rxh4 25. Rc4 Re8 26.
Rfc1 Re7 27. e5 Rxc4 28. exd6 Rxc1 29. dxe7 Re1 30. Be4 Rxe4 31. Kxe4 f5+ 32. Ke5 Kf7 33. d6 cxd6+ 34. Kxd6 Ke8 35. Ke5 Kxe7 36. h4 b5 37. a3 b4 38. axb4 axb4 39. Kd4 Ke6 40. Kc4 f4 0-1

[Event "*** Titled Tuesday Blitz"]
[Site "Chess.com"]
[Date "2020.10.20"]
[Round "3"]
[White "BanjoKazooieN64"]
[Black "davidkalashian"]
[Result "0-1"]
[WhiteElo "2379"]
[BlackElo "2607"]
[TimeControl "180+1"]
[EndTime "10:27:21 PDT"]
[Termination "davidkalashian won by resignation"]

1. e4 c6 2. Nc3 g6 3. h4 h5 4. d4 d5 5. exd5 cxd5 6. Nf3 Bg4 7. Qd3 Nc6 8. Ne5 Nxe5 9. dxe5 e6 10. Qb5+ Qd7 11.
Qa5 Ne7 12. Bb5 Nc6 13. Qa4 a6 14. f3 Bf5 15. g4 hxg4 16. fxg4 Bxc2 17. Qxc2 axb5 18.
Nxb5 Bb4+ 19. Bd2 Bxd2+ 20. Kxd2 O-O 21. h5 Nxe5 22. Nc3 Rac8 23. hxg6 fxg6 24. Rae1 Rf2+ 25. Re2 Rxe2+ 26. Kxe2 d4 27. Qe4 dxc3 28. Qxe5 Qd2+ 29. Kf3 Rf8+ 30. Kg3 Qf2+ 31. Kh3 Rf3+ 0-1

[Event "*** Titled Tuesday Blitz"]
[Site "Chess.com"]
[Date "2020.10.20"]
[Round "3"]
[White "HouseOfDurin"]
[Black "AttackSparrow"]
[Result "0-1"]
[WhiteElo "2146"]
[BlackElo "2398"]
[TimeControl "180+1"]
[EndTime "10:27:21 PDT"]
[Termination "AttackSparrow won by checkmate"]

1. d4 Nf6 2. Bg5 g6 3. Bxf6 exf6 4. c4 Bg7 5. Nc3 f5 6. g3 O-O 7.
Bg2 c6 8. e3 d6 9. Nge2 Nd7 10.
O-O Nf6 11. b4 Re8 12. Qd3 h5 13. h4 Nd7 14. a4 a5 15. b5 Qc7 16. Rab1 Nf6 17. Rb2 c5 18. Nd5 Nxd5 19. Bxd5 Be6 20. Nc3 b6 21. Bxa8 Rxa8 22. Nd5 Qd8 23. Rd2 Rc8 24. dxc5 Rxc5 25. Rfd1 g5 26. hxg5 Bxd5 27. cxd5 Qxg5 28. Rc2 Rxc2 29. Qxc2 h4 30. Qc8+ Kh7 31. g4 Qxg4+ 32. Kh2 Be5+ 33. Kh1 Qxd1+ 34. Kg2 h3+ 35. Kxh3 Qg4# 0-1

[Event "*** Titled Tuesday Blitz"]
[Site "Chess.com"]
[Date "2020.10.20"]
[Round "3"]
[White "KaterinaMiroshnik"]
[Black "kinga2008"]
[Result "1-0"]
[WhiteElo "2459"]
[BlackElo "2182"]
[TimeControl "180+1"]
[EndTime "10:27:25 PDT"]
[Termination "KaterinaMiroshnik won by resignation"]

1. d3 c5 2. Nd2 d5 3. Ngf3 Nc6 4. e4 dxe4 5. dxe4 g6 6. Be2 Bg7 7. c3 Bg4 8. O-O e6 9. Qc2 Nge7 10. a4 O-O 11.
Nc4 a6 12. Rd1 Qc7 13. Be3 b5 14. Nd6 Bxf3 15. Bxf3 Ne5 16. axb5 Rfd8 17. Rxa6 Rxa6 18. bxa6 Rxd6 19. Rxd6 Qxd6 20. a7 Qa6 21. Bxc5 Nxf3+ 22. gxf3 Nc6 23. Qe2 Qa5 24. b4 Qa4 25. Qd2 Qa1+ 26. Kg2 Bf6 27. Qd7 Nxa7 28. Qe8+ 1-0

[Event "*** Titled Tuesday Blitz"]
[Site "Chess.com"]
[Date "2020.10.20"]
[Round "3"]
[White "oogee"]
[Black "Ladislav1969"]
[Result "0-1"]
[WhiteElo "2166"]
[BlackElo "2423"]
[TimeControl "180+1"]
[EndTime "10:27:27 PDT"]
[Termination "Ladislav1969 won by resignation"]

1. d4 Nf6 2. c4 g6 3. Nc3 d5 4.
Nf3 Bg7 5. Qb3 dxc4 6. Qxc4 O-O 7. e4 a6 8. Be2 b5 9. Qc5 Bb7 10. e5 Nfd7 11. Qa3 c5 12. Be3 cxd4 13. Bxd4 Nc6 14. e6 Nxd4 15. Nxd4 Bxd4 16. exd7 Qxd7 17. O-O e5 18.
Rad1 Rac8 19. Qb3 Rfd8 20. Rd3 Qf5 21. Rh3 Bxc3 22. bxc3 Bd5 23. Qa3 Qe6 24. Qa5 Qc6 25.
Qb4 Bxg2 26. Qh4 Bxh3 27. Qxh3 Qxc3 28. Bf3 e4 0-1

[Event "*** Titled Tuesday Blitz"]
[Site "Chess.com"]
[Date "2020.10.20"]
[Round "3"]
[White "Aleksey_Sorokin"]
[Black "sotochess"]
[Result "1-0"]
[WhiteElo "2844"]
[BlackElo "2633"]
[TimeControl "180+1"]
[EndTime "10:27:29 PDT"]
[Termination "Aleksey_Sorokin won by resignation"]

1. d4 Nf6 2. c4 g6 3. Nc3 d5 4.
cxd5 Nxd5 5. e4 Nxc3 6. bxc3 Bg7 7. Nf3 O-O 8. Be2 c5 9. O-O Nc6 10. Be3 Qa5 11. Rc1 Qxa2 12. d5 Rd8 13. Bxc5 e6 14.
c4 b6 15. Be3 Na5 16. Rc2 Qa4 17. Bd4 exd5 18. cxd5 Bg4 19. Bxg7 Kxg7 20. Qd4+ Qxd4 21. Nxd4 Bd7 22. Ba6 f5 23. e5 Kh6 24. d6 f4 25. Re1 Ba4 26. Rc3 g5 27. Rh3+ Kg7 28.
Ne6+ 1-0

[Event "*** Titled Tuesday Blitz"]
[Site "Chess.com"]
[Date "2020.10.20"]
[Round "3"]
[White "Shubinkirill2003"]
[Black "Guenplen"]
[Result "1-0"]
[WhiteElo "2658"]
[BlackElo "2842"]
[TimeControl "180+1"]
[EndTime "10:27:31 PDT"]
[Termination "Shubinkirill2003 won by resignation"]

1. e4 c5 2. Nf3 d6 3. Bb5+ Bd7 4. c4 Nf6 5. Nc3 a6 6. Bxd7+ Nbxd7 7. d4 cxd4 8. Qxd4 g6 9. O-O Bg7 10. h3 O-O 11.
Qd3 Rc8 12. Be3 Nc5 13. Bxc5 Rxc5 14. Rac1 Qc7 15. b4 Rxc4 16. Nd5 Rxc1 17. Nxc7 Rxc7 18. b5 axb5 19. Rb1 Nd7 20. Qxb5 Rfc8 21. g3 Ne5 22. Nxe5 Bxe5 23. Re1 Bd4 24. Re2 Kg7 25.
Kg2 e5 26. Qb3 b6 27. h4 h5 28. a4 Rc3 29. Qb5 Rc2 30. Qd3 Rxe2 31. Qxe2 Rc3 32. f4 Rb3 33. Qc4 Rb2+ 34. Kh3 Bg1 35. g4 exf4 36. Qc3+ f6 37. Qxb2 Kf7 38. gxh5 gxh5 39. Qe2 1-0